Workbook

Sheet Base Datos
D1: =IF('Nuevo Dashboard'!$E$8="Enero",1,IF('Nuevo Dashboard'!$E$8="Febrero",1,IF('Nuevo Dashboard'!$E$8="Marzo",1,IF('Nuevo Dashboard'!$E$8="Abril",1,IF('Nuevo Dashboard'!$E$8="Mayo",1,IF('Nuevo Dashboard'!$E$8="Junio",1,IF('Nuevo Dashboard'!$E$8="Julio",1,IF('Nuevo Dashboard'!$E$8="Agosto",1,IF('Nuevo Dashboard'!$E$8="Septiembre",1,IF('Nuevo Dashboard'!$E$8="Octubre",1,IF('Nuevo Dashboard'!$E$8="Noviembre",1,IF('Nuevo Dashboard'!$E$8="Diciembre",1,0)))))))))))) -> 1 | E1: =IF('Nuevo Dashboard'!$E$8="Febrero",1,IF('Nuevo Dashboard'!$E$8="Marzo",1,IF('Nuevo Dashboard'!$E$8="Abril",1,IF('Nuevo Dashboard'!$E$8="Mayo",1,IF('Nuevo Dashboard'!$E$8="Junio",1,IF('Nuevo Dashboard'!$E$8="Julio",1,IF('Nuevo Dashboard'!$E$8="Agosto",1,IF('Nuevo Dashboard'!$E$8="Septiembre",1,IF('Nuevo Dashboard'!$E$8="Octubre",1,IF('Nuevo Dashboard'!$E$8="Noviembre",1,IF('Nuevo Dashboard'!$E$8="Diciembre",1,0))))))))))) -> 1 | F1: =IF('Nuevo Dashboard'!$E$8="Marzo",1,IF('Nuevo Dashboard'!$E$8="Abril",1,IF('Nuevo Dashboard'!$E$8="Mayo",1,IF('Nuevo Dashboard'!$E$8="Junio",1,IF('Nuevo Dashboard'!$E$8="Julio",1,IF('Nuevo Dashboard'!$E$8="Agosto",1,IF('Nuevo Dashboard'!$E$8="Septiembre",1,IF('Nuevo Dashboard'!$E$8="Octubre",1,IF('Nuevo Dashboard'!$E$8="Noviembre",1,IF('Nuevo Dashboard'!$E$8="Diciembre",1,0)))))))))) -> 1 | G1: =IF('Nuevo Dashboard'!$E$8="Abril",1,IF('Nuevo Dashboard'!$E$8="Mayo",1,IF('Nuevo Dashboard'!$E$8="Junio",1,IF('Nuevo Dashboard'!$E$8="Julio",1,IF('Nuevo Dashboard'!$E$8="Agosto",1,IF('Nuevo Dashboard'!$E$8="Septiembre",1,IF('Nuevo Dashboard'!$E$8="Octubre",1,IF('Nuevo Dashboard'!$E$8="Noviembre",1,IF('Nuevo Dashboard'!$E$8="Diciembre",1,0))))))))) -> 1 | H1: =IF('Nuevo Dashboard'!$E$8="Mayo",1,IF('Nuevo Dashboard'!$E$8="Junio",1,IF('Nuevo Dashboard'!$E$8="Julio",1,IF('Nuevo Dashboard'!$E$8="Agosto",1,IF('Nuevo Dashboard'!$E$8="Septiembre",1,IF('Nuevo Dashboard'!$E$8="Octubre",1,IF('Nuevo Dashboard'!$E$8="Noviembre",1,IF('Nuevo Dashboard'!$E$8="Diciembre",1,0)))))))) -> 0 | I1: =IF('Nuevo Dashboard'!$E$8="Junio",1,IF('Nuevo Dashboard'!$E$8="Julio",1,IF('Nuevo Dashboard'!$E$8="Agosto",1,IF('Nuevo Dashboard'!$E$8="Septiembre",1,IF('Nuevo Dashboard'!$E$8="Octubre",1,IF('Nuevo Dashboard'!$E$8="Noviembre",1,IF('Nuevo Dashboard'!$E$8="Diciembre",1,0))))))) -> 0 | J1: =IF('Nuevo Dashboard'!$E$8="Julio",1,IF('Nuevo Dashboard'!$E$8="Agosto",1,IF('Nuevo Dashboard'!$E$8="Septiembre",1,IF('Nuevo Dashboard'!$E$8="Octubre",1,IF('Nuevo Dashboard'!$E$8="Noviembre",1,IF('Nuevo Dashboard'!$E$8="Diciembre",1,0)))))) -> 0 | K1: =IF('Nuevo Dashboard'!$E$8="Agosto",1,IF('Nuevo Dashboard'!$E$8="Septiembre",1,IF('Nuevo Dashboard'!$E$8="Octubre",1,IF('Nuevo Dashboard'!$E$8="Noviembre",1,IF('Nuevo Dashboard'!$E$8="Diciembre",1,0))))) -> 0 | L1: =IF('Nuevo Dashboard'!$E$8="Septiembre",1,IF('Nuevo Dashboard'!$E$8="Octubre",1,IF('Nuevo Dashboard'!$E$8="Noviembre",1,IF('Nuevo Dashboard'!$E$8="Diciembre",1,0)))) -> 0 | M1: =IF('Nuevo Dashboard'!$E$8="Octubre",1,IF('Nuevo Dashboard'!$E$8="Noviembre",1,IF('Nuevo Dashboard'!$E$8="Diciembre",1,0))) -> 0 | N1: =IF('Nuevo Dashboard'!$E$8="Noviembre",1,IF('Nuevo Dashboard'!$E$8="Diciembre",1,0)) -> 0 | O1: =IF('Nuevo Dashboard'!$E$8="Noviembre",1,IF('Nuevo Dashboard'!$E$8="Diciembre",1,0)) -> 0
A2: CECO 2019 | B2: DELEGACIÓN 2019 | C2: EPÍGRAFE 2019 | D2: Enero | E2: Febrero | F2: Marzo | G2: Abril | H2: Mayo | I2: Junio | J2: Julio | K2: Agosto | L2: Septiembre | M2: Octubre | N2: Noviembre | O2: Diciembre | P2: Total 2019 | R2: CECO 2018 | S2: DELEGACIÓN 2018 | T2: EPÍGRAFE 2018 | U2: Enero | V2: Febrero | W2: Marzo | X2: Abril | Y2: Mayo | Z2: Junio | AA2: Julio | AB2: Agosto | AC2: Septiembre | AD2: Octubre | AE2: Noviembre | AF2: Diciembre | AG2: Total | AI2: Budget 19 | AJ2: DELEGACIÓN 2019 | AK2: EPÍGRAFE 2019 | AL2: Enero | AM2: Febrero | AN2: Marzo | AO2: Abril | AP2: Mayo | AQ2: Junio | AR2: Julio | AS2: Agosto | AT2: Septiembre | AU2: Octubre | AV2: Noviembre | AW2: Diciembre | AX2: Total 2019
A3: 08408 | C3: HORAS FACTURADAS (D) | D3: 24719.98 | E3: 23842.84 | F3: 25565.59 | G3: 25335 | H3: 30515.88 | P3: 129979.29 | R3: 08408 | T3: HORAS FACTURADAS (D) | U3: 19776.25 | V3: 18181.99 | W3: 19545.95 | X3: 18389.39 | Y3: 19970.8 | Z3: 18132.18 | AA3: 18806.01 | AB3: 21522.1 | AC3: 20395.84 | AD3: 26032.19 | AE3: 24324.37 | AF3: 22394.64 | AG3: 247471.71 | AI3: 08408 | AK3: HORAS FACTURADAS (D) | AL3: 19776.25 | AM3: 18181.99 | AN3: 19545.95 | AO3: 18389.39 | AP3: 19970.8 | AQ3: 18132.18 | AR3: 18806.01 | AS3: 21522.1 | AT3: 20395.84 | AU3: 26032.19 | AV3: 24324.37 | AW3: 22394.64 | AX3: 247471.71
A4: 08408 | C4: Planning Medio | D4: 145.05 | E4: 151.76 | F4: 155.45 | G4: 152.25 | H4: 155.81 | P4: 0 | Q4: 0 | R4: 08408 | T4: Planning Medio | U4: 103.94 | V4: 105.7 | W4: 105.74 | X4: 105.69 | Y4: 107.63 | Z4: 104.5 | AA4: 106.83 | AB4: 118.38 | AC4: 124.69 | AD4: 125.53 | AE4: 130.37 | AF4: 131.04 | AG4: 104.82 | AI4: 08408 | AK4: Planning Medio | AL4: 103.94 | AM4: 105.7 | AN4: 105.74 | AO4: 105.69 | AP4: 107.63 | AQ4: 104.5 | AR4: 106.83 | AS4: 118.38 | AT4: 124.69 | AU4: 125.53 | AV4: 130.37 | AW4: 131.04 | AX4: 104.82
A5: 08408 | C5: P.M.C. | D5: 30 | E5: 28 | F5: 31 | G5: 30 | H5: 31 | P5: 30 | R5: 08408 | T5: P.M.C. | U5: 31 | V5: 28 | W5: 31 | X5: 30 | Y5: 31 | Z5: 30 | AA5: 31 | AB5: 31 | AC5: 30 | AD5: 33 | AE5: 30 | AF5: 32 | AG5: 31 | AI5: 08408 | AK5: P.M.C. | AL5: 31 | AM5: 28 | AN5: 31 | AO5: 30 | AP5: 31 | AQ5: 30 | AR5: 31 | AS5: 31 | AT5: 30 | AU5: 33 | AV5: 30 | AW5: 32 | AX5: 31
A6: 08408 | C6: TOTAL INGRESOS TT | D6: 382499.7 | E6: 341211.6 | F6: 367236.52 | G6: 376398.58 | H6: 444698.27 | P6: 1912044.7 | R6: 08408 | T6: TOTAL INGRESOS TT | U6: 272702.08 | V6: 251725.33 | W6: 276737.92 | X6: 257590.93 | Y6: 275603.71 | Z6: 249593.18 | AA6: 256675.38 | AB6: 297205.96 | AC6: 291967.37 | AD6: 371560.75 | AE6: 344575.47 | AF6: 298903.08 | AG6: 3444841.2 | AI6: 08408 | AK6: TOTAL INGRESOS TT | AL6: 272702.08 | AM6: 251725.33 | AN6: 276737.92 | AO6: 257590.93 | AP6: 275603.71 | AQ6: 249593.18 | AR6: 256675.38 | AS6: 297205.96 | AT6: 291967.37 | AU6: 371560.75 | AV6: 344575.47 | AW6: 298903.08 | AX6: 3444841.2
A7: 08408 | C7: Fact. Trabajo Temporal (D) | D7: 384615.08 | E7: 343098.64 | F7: 367897.05 | G7: 379850.66 | H7: 447157.64 | P7: 1922619.1 | R7: 08408 | T7: Fact. Trabajo Temporal (D) | U7: 273043.38 | V7: 252040.38 | W7: 277084.28 | X7: 257913.32 | Y7: 275948.65 | Z7: 249905.56 | AA7: 256996.63 | AB7: 297577.93 | AC7: 292332.79 | AD7: 372025.78 | AE7: 345006.73 | AF7: 318871.94 | AG7: 3468747.4 | AI7: 08408 | AK7: Fact. Trabajo Temporal (D) | AL7: 273043.38 | AM7: 252040.38 | AN7: 277084.28 | AO7: 257913.32 | AP7: 275948.65 | AQ7: 249905.56 | AR7: 256996.63 | AS7: 297577.93 | AT7: 292332.79 | AU7: 372025.78 | AV7: 345006.73 | AW7: 318871.94 | AX7: 3468747.4
A8: 08408 | C8: Rappels Trab. Temporal | D8: -2115.38 | E8: -1887.04 | F8: -2023.43 | G8: -2089.18 | H8: -2459.37 | P8: -10574.4 | R8: 08408 | T8: Rappels Trab. Temporal | U8: -341.3 | V8: -315.05 | W8: -346.36 | X8: -322.39 | Y8: -344.94 | Z8: -312.38 | AA8: -321.25 | AB8: -371.97 | AC8: -365.42 | AD8: -465.03 | AE8: -431.26 | AF8: -19968.86 | AG8: -23906.21 | AI8: 08408 | AK8: Rappels Trab. Temporal
A9: 08408 | C9: Ajustes autorizados | D9: 0 | E9: 0 | F9: 1362.9 | G9: -1362.9 | H9: 0 | P9: 0 | R9: 08408 | T9: Ajustes autorizados | U9: 0 | V9: 0 | W9: 0 | X9: 0 | Y9: 0 | Z9: 0 | AA9: 0 | AB9: 0 | AC9: 0 | AD9: 0 | AE9: 0 | AF9: 0 | AG9: 0 | AI9: 08408 | AK9: Ajustes autorizados
A10: 08408 | C10: Gastos Directos TT | D10: -344658.54 | E10: -308127.13 | F10: -332659.99 | G10: -338087.55 | H10: -400029.83 | P10: -1723563 | R10: 08408 | T10: Gastos Directos TT | U10: -243465.4 | V10: -224030.93 | W10: -246611.62 | X10: -230848.06 | Y10: -246578.04 | Z10: -222146.62 | AA10: -230561.41 | AB10: -268255.62 | AC10: -261339.7 | AD10: -330366.85 | AE10: -309124.97 | AF10: -285902.38 | AG10: -3099231.6 | AI10: 08408 | AK10: Gastos Directos TT
A11: 08408 | C11: TT Salario Bruto | D11: -247442.33 | E11: -220761.04 | F11: -237462.42 | G11: -243230.42 | H11: -287662.75 | P11: -1236559 | R11: 08408 | T11: TT Salario Bruto | U11: -175128.48 | V11: -161253.59 | W11: -177730.25 | X11: -165728.9 | Y11: -177072.45 | Z11: -159877.36 | AA11: -164886.66 | AB11: -191318.71 | AC11: -186758.4 | AD11: -238151.83 | AE11: -221226.35 | AF11: -204082.76 | AG11: -2223215.7 | AI11: 08408 | AK11: TT Salario Bruto
A12: 08408 | C12: TT Seg Social | D12: -84886.33 | E12: -76914.15 | F12: -83182.62 | G12: -83860.25 | H12: -99763.16 | P12: -428606.51 | R12: 08408 | T12: TT Seg Social | U12: -60143.68 | V12: -55072.55 | W12: -60558.19 | X12: -56810.2 | Y12: -60902.42 | Z12: -54550.48 | AA12: -57398.99 | AB12: -67565.1 | AC12: -65052.76 | AD12: -80952.87 | AE12: -76305.8 | AF12: -70334.16 | AG12: -765647.2 | AI12: 08408 | AK12: TT Seg Social
A13: 08408 | C13: TT Dietas | D13: 0 | E13: 0 | F13: 0 | G13: 0 | H13: 0 | P13: 0 | R13: 08408 | T13: TT Dietas | U13: 0 | V13: 0 | W13: 0 | X13: 0 | Y13: 0 | Z13: 0 | AA13: 0 | AB13: 0 | AC13: 0 | AD13: 0 | AE13: 0 | AF13: 0 | AG13: 0 | AI13: 08408 | AK13: TT Dietas
A14: 08408 | C14: TT Indemnizaciones | D14: -7431.33 | E14: -6439.3 | F14: -6722.76 | G14: -7468.56 | H14: -8534.92 | P14: -36596.87 | R14: 08408 | T14: TT Indemnizaciones | U14: -5748.36 | V14: -5228.39 | W14: -5582.77 | X14: -5436.51 | Y14: -5722.67 | Z14: -4849.95 | AA14: -5451.82 | AB14: -6218.01 | AC14: -5464.43 | AD14: -7137.54 | AE14: -6537.58 | AF14: -5734.01 | AG14: -69112.04 | AI14: 08408 | AK14: TT Indemnizaciones
A15: 08408 | C15: TT Indemnizacion Adicional | D15: 0 | E15: 0 | F15: -1362.9 | G15: 0 | H15: 0 | P15: -1362.9 | R15: 08408 | T15: TT Indemnizacion Adicional | U15: 0 | V15: 0 | W15: 0 | X15: 0 | Y15: 0 | Z15: 0 | AA15: 0 | AB15: 0 | AC15: 0 | AD15: 0 | AE15: 0 | AF15: 0 | AG15: 0 | AI15: 08408 | AK15: TT Indemnizacion Adicional
A16: 08408 | C16: TT Formacion | D16: -3216.76 | E16: -2869.98 | F16: -2734.22 | G16: -3040.32 | H16: -3595.87 | P16: -15457.15 | R16: 08408 | T16: TT Formacion | U16: -2276.73 | V16: -2096.3 | W16: -2310.48 | X16: -2154.45 | Y16: -2301.86 | Z16: -2078.34 | AA16: -2143.55 | AB16: -2487.19 | AC16: -2427.85 | AD16: -3095.95 | AE16: -2875.84 | AF16: -2653 | AG16: -28901.54 | AI16: 08408 | AK16: TT Formacion
A17: 08408 | C17: TT Seguro de Accidentes PASS | D17: -76.86 | E17: -74.81 | F17: -80.25 | G17: -79.63 | H17: -96.89 | P17: -408.44 | R17: 08408 | T17: TT Seguro de Accidentes PASS | U17: -62.91 | V17: -58.08 | W17: -63.31 | X17: -59.5 | Y17: -63.66 | Z17: -57.61 | AA17: -59.13 | AB17: -68.44 | AC17: -64.24 | AD17: -82.36 | AE17: -76.64 | AF17: -70.52 | AG17: -786.4 | AI17: 08408 | AK17: TT Seguro de Accidentes PASS
A18: 08408 | C18: TT Seguros Resp.Civil | D18: -90.18 | E18: -85.75 | F18: -91.96 | G18: -94.96 | H18: -111.78 | P18: -474.63 | R18: 08408 | T18: TT Seguros Resp.Civil | U18: -68.24 | V18: -63.02 | W18: -68.62 | X18: -64.5 | Y18: -68.98 | Z18: -62.48 | AA18: -64.26 | AB18: -74.39 | AC18: -73.09 | AD18: -93.03 | AE18: -86.25 | AF18: -79.71 | AG18: -866.57 | AI18: 08408 | AK18: TT Seguros Resp.Civil
A19: 08408 | C19: TT Vestuario | D19: 0 | E19: 0 | F19: 0 | G19: 0 | H19: 0 | P19: 0 | R19: 08408 | T19: TT Vestuario | U19: 0 | V19: 0 | W19: 0 | X19: 0 | Y19: 0 | Z19: 0 | AA19: 0 | AB19: 0 | AC19: 0 | AD19: 0 | AE19: 0 | AF19: 0 | AG19: 0 | AI19: 08408 | AK19: TT Vestuario
... A108: 08408 | C108: GASTOS PERSONAL FIJOS | D108: -3957.98 | E108: -5343.29 | F108: -5178.11 | G108: -5690.52 | H108: -5189.16 | P108: -25359.06 | R108: 08408 | T108: GASTOS PERSONAL FIJOS | U108: -2685.74 | V108: -2747.9 | W108: -2966.99 | X108: -3761.98 | Y108: -2704.88 | Z108: -2721.78 | AA108: -2786.62 | AB108: -3454.82 | AC108: -3246.43 | AD108: -3295.99 | AE108: -3283.09 | AF108: -3119.76 | AG108: -36775.98 | AI108: 08408 | AK108: GASTOS PERSONAL FIJOS
A109: 08408 | C109: Fj: Salarios Brutos | D109: =-D107 -> 6695.73 | E109: =-E107 -> 5807.77 | F109: =-F107 -> 5781.46 | G109: =-G107 -> 6337.39 | H109: =-H107 -> 5908.65 | I109: =-I107 -> 0 | J109: =-J107 -> 0 | K109: =-K107 -> 0 | ... O109: =-O107 -> 0 | P109: -14338.69 | R109: 08408 | T109: Fj: Salarios Brutos | U109: -1716.67 | V109: -1716.67 | W109: -1716.67 | X109: -1716.67 | Y109: -1716.67 | Z109: -1716.67 | AA109: -1716.67 | AB109: -1716.67 | AC109: -1716.67 | AD109: -1716.67 | AE109: -1716.67 | AF109: -1716.67 | AG109: -20600.04 | AI109: 08408 | AK109: Fj: Salarios Brutos
A110: 08408 | C110: Fj: Seguridad Social | D110: -1321.75 | E110: -1164.75 | F110: -1195.1 | G110: -1282.21 | H110: -1251.42 | P110: -6215.23 | R110: 08408 | T110: Fj: Seguridad Social | U110: -788.71 | V110: -816.37 | W110: -850.96 | X110: -832.83 | Y110: -773.35 | Z110: -801.75 | AA110: -832.09 | AB110: -775.67 | AC110: -810.34 | AD110: -784.5 | AE110: -910.9 | AF110: -683.67 | AG110: -9661.14 | AI110: 08408 | AK110: Fj: Seguridad Social
A111: 08408 | C111: Fj: Dietas | D111: -184 | E111: -230 | F111: -184 | G111: -241.5 | H111: -149.5 | P111: -989 | R111: 08408 | T111: Fj: Dietas | U111: -149.5 | V111: -184 | W111: -218.5 | X111: -195.5 | Y111: -184 | Z111: -172.5 | AA111: -207 | AB111: -195.5 | AC111: -195.5 | AD111: -184 | AE111: -218.5 | AF111: -195.5 | AG111: -2300 | AI111: 08408 | AK111: Fj: Dietas
A112: 08408 | C112: Fj: Vehiculos Empresa | D112: 0 | E112: 0 | F112: 0 | G112: 0 | H112: 0 | P112: 0 | R112: 08408 | T112: Fj: Vehiculos Empresa | U112: 0 | V112: 0 | W112: 0 | X112: 0 | Y112: 0 | Z112: 0 | AA112: 0 | AB112: 0 | AC112: 0 | AD112: 0 | AE112: 0 | AF112: 0 | AG112: 0 | AI112: 08408 | AK112: Fj: Vehiculos Empresa
A113: 08408 | C113: Fj: Indemnizaciones | D113: 0 | E113: 0 | F113: 0 | G113: 0 | H113: 0 | P113: 0 | R113: 08408 | T113: Fj: Indemnizaciones | U113: 0 | V113: 0 | W113: 0 | X113: 0 | Y113: 0 | Z113: 0 | AA113: 0 | AB113: 0 | AC113: 0 | AD113: 0 | AE113: 0 | AF113: 0 | AG113: 0 | AI113: 08408 | AK113: Fj: Indemnizaciones
A114: 08408 | C114: Fj: Personal Practicas | D114: -491.51 | E114: -533.02 | F114: -491.51 | G114: -491.51 | H114: -491.51 | P114: -2499.06 | R114: 08408 | T114: Fj: Personal Practicas | U114: 0 | V114: 0 | W114: 0 | X114: -986.12 | Y114: 0 | Z114: 0 | AA114: 0 | AB114: -736.12 | AC114: -493.06 | AD114: -493.06 | AE114: -493.06 | AF114: -493.06 | AG114: -3694.48 | AI114: 08408 | AK114: Fj: Personal Practicas
A115: 08408 | C115: Fj: Otros gastos | D115: -31.94 | E115: -31.94 | F115: -69.54 | G115: -182.35 | H115: -69.55 | P115: -385.32 | R115: 08408 | T115: Fj: Otros gastos | U115: -30.86 | V115: -30.86 | W115: -30.86 | X115: -30.86 | Y115: -30.86 | Z115: -30.86 | AA115: -30.86 | AB115: -30.86 | AC115: -30.86 | AD115: -117.76 | AE115: 56.04 | AF115: -30.86 | AG115: -370.32 | AI115: 08408 | AK115: Fj: Otros gastos
A116: 08408 | C116: Notas de Gastos | D116: 0 | E116: 0 | F116: -72.58 | G116: -374.59 | H116: -108.82 | P116: -555.99 | R116: 08408 | T116: Notas de Gastos | U116: 0 | V116: 0 | W116: 0 | X116: 0 | Y116: 0 | Z116: 0 | AA116: 0 | AB116: 0 | AC116: 0 | AD116: 0 | AE116: 0 | AF116: 0 | AG116: 0 | AI116: 08408 | AK116: Notas de Gastos
A117: 08408 | C117: Alojamiento y Locomocion | D117: 0 | E117: -144.72 | F117: -81.05 | G117: 0 | H117: 0 | P117: -225.77 | R117: 08408 | T117: Alojamiento y Locomocion | U117: 0 | V117: 0 | W117: 0 | X117: 0 | Y117: 0 | Z117: 0 | AA117: 0 | AB117: 0 | AC117: 0 | AD117: 0 | AE117: 0 | AF117: 0 | AG117: 0 | AI117: 08408 | AK117: Alojamiento y Locomocion
A118: 08408 | C118: Tarjetas Gasolina | D118: 0 | E118: 0 | F118: 0 | G118: 0 | H118: 0 | P118: 0 | R118: 08408 | T118: Tarjetas Gasolina | U118: 0 | V118: 0 | W118: 0 | X118: 0 | Y118: 0 | Z118: 0 | AA118: 0 | AB118: 0 | AC118: 0 | AD118: 0 | AE118: 0 | AF118: 0 | AG118: 0 | AI118: 08408 | AK118: Tarjetas Gasolina
A119: 08408 | C119: Formacion Personal Fijo | D119: 0 | E119: -150 | F119: 0 | G119: 0 | H119: 0 | P119: -150 | R119: 08408 | T119: Formacion Personal Fijo | U119: 0 | V119: 0 | W119: -150 | X119: 0 | Y119: 0 | Z119: 0 | AA119: 0 | AB119: 0 | AC119: 0 | AD119: 0 | AE119: 0 | AF119: 0 | AG119: -150 | AI119: 08408 | AK119: Formacion Personal Fijo
A120: 08408 | C120: Subvencion FORCEM | D120: 0 | E120: 0 | F120: 0 | G120: 0 | H120: 0 | P120: 0 | R120: 08408 | T120: Subvencion FORCEM | U120: 0 | V120: 0 | W120: 0 | X120: 0 | Y120: 0 | Z120: 0 | AA120: 0 | AB120: 0 | AC120: 0 | AD120: 0 | AE120: 0 | AF120: 0 | AG120: 0 | AI120: 08408 | AK120: Subvencion FORCEM
A121: 08408 | C121: Otras subvenciones | D121: 0 | E121: 0 | F121: 0 | G121: 0 | H121: 0 | P121: 0 | R121: 08408 | T121: Otras subvenciones | U121: 0 | V121: 0 | W121: 0 | X121: 0 | Y121: 0 | Z121: 0 | AA121: 0 | AB121: 0 | AC121: 0 | AD121: 0 | AE121: 0 | AF121: 0 | AG121: 0 | AI121: 08408 | AK121: Otras subvenciones
... A192: 08408 | C192: MARGEN NETO despues de I.S. | D192: 18247.72 | E192: 17864.8 | F192: 19153.5 | G192: 21303.37 | H192: 26901.45 | P192: 103470.84 | R192: 08408 | T192: MARGEN NETO despues de I.S. | U192: 18344.85 | V192: 21706.03 | W192: 20913.04 | X192: 15363.14 | Y192: 18207.63 | Z192: 19557.22 | AA192: 15505.72 | AB192: 17039.82 | AC192: 16544.2 | AD192: 26143.8 | AE192: 20526.54 | AF192: 187.52 | AG192: 210039.51 | AI192: 08408 | AK192: MARGEN NETO despues de I.S.
A193: 08408 | C193: SALDO CLIENTES | D193: 465384.26 | E193: 418039.56 | F193: 450826.95 | G193: 463312.3 | H193: 545116.76 | P193: 0,00 | R193: 08408 | T193: SALDO CLIENTES | U193: 330382.49 | V193: 304968.86 | W193: 340936.63 | X193: 316225.4 | Y193: 334827.86 | Z193: 308733.14 | AA193: 315840.52 | AB193: 361996.89 | AC193: 354972.67 | AD193: 468348.08 | AE193: 418365.64 | AF193: 385835.03 | AG193: 0,00 | AI193: 08408 | AK193: SALDO CLIENTES
A194: 08408 | C194: SALDO CLIENTES PROVISIONADOS | D194: 0 | E194: 0 | F194: 0 | G194: 0 | H194: 0 | P194: 0,00 | R194: 08408 | T194: SALDO CLIENTES PROVISIONADOS | U194: 0 | V194: 0 | W194: 0 | X194: 0 | Y194: 0 | Z194: 0 | AA194: 0 | AB194: 0 | AC194: 0 | AD194: 0 | AE194: 0 | AF194: 0 | AG194: 0,00 | AI194: 08408 | AK194: SALDO CLIENTES PROVISIONADOS
A195: 08408 | C195: SALDO PROVISION INSOLVENCIAS | D195: 0 | E195: 0 | F195: 0 | G195: 0 | H195: 0 | P195: 0,00 | R195: 08408 | T195: SALDO PROVISION INSOLVENCIAS | U195: 0 | V195: 0 | W195: 0 | X195: 0 | Y195: 0 | Z195: 0 | AA195: 0 | AB195: 0 | AC195: 0 | AD195: 0 | AE195: 0 | AF195: 0 | AG195: 0,00 | AI195: 08408 | AK195: SALDO PROVISION INSOLVENCIAS
A196: 08408 | C196: SALDO AJUSTES AUTORIZADOS | D196: 0 | E196: 0 | F196: 1362.9 | G196: 0 | H196: 0 | P196: 0,00 | R196: 08408 | T196: SALDO AJUSTES AUTORIZADOS | U196: 0 | V196: 0 | W196: 0 | X196: 0 | Y196: 0 | Z196: 0 | AA196: 0 | AB196: 0 | AC196: 0 | AD196: 0 | AE196: 0 | AF196: 0 | AG196: 0,00 | AI196: 08408 | AK196: SALDO AJUSTES AUTORIZADOS
A197: 08408 | C197: SALDO AJUSTES AUTORIZADOS N-1 | D197: 0 | E197: 0 | F197: 0 | G197: 1362.9 | H197: 0 | P197: 1362.9 | R197: 08408 | T197: SALDO AJUSTES AUTORIZADOS N-1 | U197: 0 | V197: 0 | W197: 0 | X197: 0 | Y197: 0 | Z197: 0 | AA197: 0 | AB197: 0 | AC197: 0 | AD197: 0 | AE197: 0 | AF197: 0 | AG197: 0 | AI197: 08408 | AK197: SALDO AJUSTES AUTORIZADOS N-1
A198: 08408 | C198: Ventas reclasificadas | D198: 21790.83 | E198: -1887.04 | F198: -2023.43 | G198: -2089.18 | H198: -2459.37 | P198: 13331.81 | R198: 08408 | T198: Ventas reclasificadas | U198: -341.3 | V198: -315.05 | W198: 2265.56 | X198: -322.39 | Y198: -344.94 | Z198: -312.38 | AA198: -321.25 | AB198: -371.97 | AC198: -365.42 | AD198: -465.03 | AE198: -431.26 | AF198: -19968.86 | AG198: -21294.29 | AI198: 08408 | AK198: Ventas reclasificadas
A199: 08408 | C199: Ventas+IVA MES N | D199: 465384.26 | E199: 418039.56 | F199: 447936.75 | G199: 460531 | H199: 543918.86 | P199: 0,00 | R199: 08408 | T199: Ventas+IVA MES N | U199: 330382.49 | V199: 304968.86 | W199: 340936.63 | X199: 313817.5 | Y199: 334827.86 | Z199: 307803.14 | AA199: 313095.52 | AB199: 361319.29 | AC199: 353722.67 | AD199: 451058.69 | AE199: 417458.14 | AF199: 385835.03 | AG199: 0,00 | AI199: 08408 | AK199: Ventas+IVA MES N
A200: 08408 | C200: Ventas+IVA MES N-1 | D200: 385835.03 | E200: 465384.26 | F200: 418039.56 | G200: 447936.75 | H200: 460531 | P200: 0,00 | R200: 08408 | T200: Ventas+IVA MES N-1 | U200: 393270.18 | V200: 330382.49 | W200: 304968.86 | X200: 645905.49 | Y200: 313817.5 | Z200: 334827.86 | AA200: 307803.14 | AB200: 313095.52 | AC200: 361319.29 | AD200: 353722.67 | AE200: 451058.69 | AF200: 417458.14 | AG200: 0,00 | AI200: 08408 | AK200: Ventas+IVA MES N-1
A201: 08408 | C201: Ventas+IVA MES N-2 | D201: 417458.14 | E201: 385835.03 | F201: 465384.26 | G201: 418039.56 | H201: 447936.75 | P201: 0,00 | R201: 08408 | T201: Ventas+IVA MES N-2 | U201: 350681.68 | V201: 393270.18 | W201: 330382.49 | X201: 0 | Y201: 340936.63 | Z201: 313817.5 | AA201: 334827.86 | AB201: 307803.14 | AC201: 313095.52 | AD201: 361319.29 | AE201: 353722.67 | AF201: 451058.69 | AG201: 0,00 | AI201: 08408 | AK201: Ventas+IVA MES N-2
A202: 08408 | C202: DEUDA MAYOR 1 AÑO | D202: 0 | E202: 0 | F202: 0 | G202: 0 | H202: 0 | P202: 0,00 | R202: 08408 | T202: DEUDA MAYOR 1 AÑO | U202: 0 | V202: 0 | W202: 0 | X202: 0 | Y202: 0 | Z202: 0 | AA202: 0 | AB202: 0 | AC202: 0 | AD202: 0 | AE202: 0 | AF202: 0 | AG202: 0,00 | AI202: 08408 | AK202: DEUDA MAYOR 1 AÑO
A203: 08408 | C203: TOTAL COBROS | D203: 385835.03 | E203: 436457.75 | F203: 415149.36 | G203: 448045.65 | H203: 462114.4 | P203: 2147602.2 | R203: 08408 | T203: TOTAL COBROS | U203: 397049.68 | V203: 330382.49 | W203: 304968.86 | X203: 335368.31 | Y203: 316225.4 | Z203: 333897.86 | AA203: 305988.14 | AB203: 315162.92 | AC203: 360746.89 | AD203: 337683.28 | AE203: 467440.58 | AF203: 418365.64 | AG203: 4223280 | AI203: 08408 | AK203: TOTAL COBROS
A204: 08408 | C204: Nº PERSONAL INTERNO | D204: 1.13 | E204: 2 | F204: 2 | G204: 2 | H204: 2 | P204: 1.826 | R204: 08408 | T204: Nº PERSONAL INTERNO | U204: 1 | V204: 1 | W204: 1 | X204: 1 | Y204: 1 | Z204: 1 | AA204: 1 | AB204: 1 | AC204: 1 | AD204: 1 | AE204: 1 | AF204: 1 | AG204: 1 | AI204: 08408 | AK204: Nº PERSONAL INTERNO
A205: 08408 | C205: FTE | D205: 1.13 | E205: 2 | F205: 2 | G205: 2 | H205: 2 | P205: 1.826 | R205: 08408 | T205: FTE | U205: 1 | V205: 1 | W205: 1 | X205: 1 | Y205: 1 | Z205: 1 | AA205: 1 | AB205: 1 | AC205: 1 | AD205: 1 | AE205: 1 | AF205: 1 | AG205: 1 | AI205: 08408 | AK205: FTE
A206: 08408 | C206: Nº BECARIOS | D206: 1 | E206: 1.57 | F206: 1 | G206: 1 | H206: 1 | P206: 0 | R206: 08408 | T206: Nº BECARIOS | U206: 0 | V206: 0 | W206: 0 | X206: 0 | Y206: 0 | Z206: 0 | AA206: 0 | AB206: 1.55 | AC206: 1 | AD206: 1 | AE206: 1 | AF206: 1 | AG206: 0.4625 | AI206: 08408 | AK206: Nº BECARIOS
A207: 08408 | C207: Nº de Locales | D207: 0 | E207: 0 | F207: 0 | G207: 0 | H207: 0 | P207: 0 | R207: 08408 | T207: Nº de Locales | U207: 0 | V207: 0 | W207: 0 | X207: 0 | Y207: 0 | Z207: 0 | AA207: 0 | AB207: 0 | AC207: 0 | AD207: 0 | AE207: 0 | AF207: 0 | AG207: 0 | AI207: 08408 | AK207: Nº de Locales
A208: 08408 | C208: Nº Delegaciones Efectivas | D208: 1 | E208: 1 | F208: 1 | G208: 1 | H208: 1 | P208: 0 | R208: 08408 | T208: Nº Delegaciones Efectivas | U208: 1 | V208: 1 | W208: 1 | X208: 1 | Y208: 1 | Z208: 1 | AA208: 1 | AB208: 1 | AC208: 1 | AD208: 1 | AE208: 1 | AF208: 1 | AG208: 1 | AI208: 08408 | AK208: Nº Delegaciones Efectivas
A209: 46301 | C209: HORAS FACTURADAS (D) | D209: 10695.25 | E209: 8687.55 | F209: 6984.54 | G209: 6345.13 | H209: 7357.62 | P209: 40070.09 | R209: 46301 | T209: HORAS FACTURADAS (D) | U209: 17563.82 | V209: 15233.89 | W209: 15094.62 | X209: 15128.11 | Y209: 16765.91 | Z209: 14912.6 | AA209: 18947.17 | AB209: 17831.53 | AC209: 13550.5 | AD209: 18094.25 | AE209: 15292.25 | AF209: 13024.16 | AG209: 191438.81 | AI209: 46301 | AK209: HORAS FACTURADAS (D)
A210: 46301 | C210: Planning Medio | D210: 75.96 | E210: 64.58 | F210: 51.11 | G210: 47.88 | H210: 49.92 | P210: 0 | Q210: 0 | R210: 46301 | T210: Planning Medio | U210: 116.6 | V210: 104.83 | W210: 110.75 | X210: 110.55 | Y210: 105.52 | Z210: 103.38 | AA210: 126.94 | AB210: 119.02 | AC210: 103.42 | AD210: 129.11 | AE210: 111.3 | AF210: 107.92 | AG210: 110.715 | AI210: 46301 | AK210: Planning Medio
A211: 46301 | C211: P.M.C. | D211: 55 | E211: 63 | F211: 62 | G211: 64 | H211: 59 | P211: 61 | R211: 46301 | T211: P.M.C. | U211: 62 | V211: 56 | W211: 59 | X211: 57 | Y211: 49 | Z211: 51 | AA211: 60 | AB211: 55 | AC211: 69 | AD211: 61 | AE211: 60 | AF211: 54 | AG211: 58 | AI211: 46301 | AK211: P.M.C.
A212: 46301 | C212: TOTAL INGRESOS TT | D212: 167260.89 | E212: 140495.56 | F212: 116031.28 | G212: 106839.36 | H212: 122584.37 | P212: 653211.46 | R212: 46301 | T212: TOTAL INGRESOS TT | U212: 263861.35 | V212: 227271.36 | W212: 229660.08 | X212: 235296.48 | Y212: 253145.74 | Z212: 230624.54 | AA212: 298100.02 | AB212: 261131.87 | AC212: 207772.64 | AD212: 275566.37 | AE212: 237544.73 | AF212: 207277.82 | AG212: 2927253 | AI212: 46301 | AK212: TOTAL INGRESOS TT
A213: 46301 | C213: Fact. Trabajo Temporal (D) | D213: 169889.15 | E213: 140206.33 | F213: 116043.55 | G213: 107246.53 | H213: 123309.24 | P213: 656694.8 | R213: 46301 | T213: Fact. Trabajo Temporal (D) | U213: 264116.43 | V213: 227465.19 | W213: 229890.51 | X213: 234129.84 | Y213: 254767.96 | Z213: 230814.06 | AA213: 289400.64 | AB213: 269989.35 | AC213: 207878.19 | AD213: 275959.07 | AE213: 236513.95 | AF213: 205929.53 | AG213: 2926854.7 | AI213: 46301 | AK213: Fact. Trabajo Temporal (D)
A214: 46301 | C214: Rappels Trab. Temporal | D214: -160.77 | E214: -112.69 | F214: -165.51 | G214: -280.26 | H214: -296.62 | P214: -1015.85 | R214: 46301 | T214: Rappels Trab. Temporal | U214: -255.08 | V214: -193.83 | W214: -230.43 | X214: -247.8 | Y214: -207.78 | Z214: -189.52 | AA214: -251.4 | AB214: -786.78 | AC214: -676.22 | AD214: -678.85 | AE214: -770.4 | AF214: 2418.88 | AG214: -2069.21 | AI214: 46301 | AK214: Rappels Trab. Temporal
A215: 46301 | C215: Ajustes autorizados | D215: -2467.49 | E215: 401.92 | F215: 153.24 | G215: -126.91 | H215: -428.25 | P215: -2467.49 | R215: 46301 | T215: Ajustes autorizados | U215: 0 | V215: 0 | W215: 0 | X215: 1414.44 | Y215: -1414.44 | Z215: 0 | AA215: 8950.78 | AB215: -8070.7 | AC215: 570.67 | AD215: 286.15 | AE215: 1801.18 | AF215: -1070.59 | AG215: 2467.49 | AI215: 46301 | AK215: Ajustes autorizados
A216: 46301 | C216: Gastos Directos TT | D216: -140607.66 | E216: -120038.82 | F216: -96721.83 | G216: -91178.69 | H216: -104375.98 | P216: -552922.98 | R216: 46301 | T216: Gastos Directos TT | U216: -227137.32 | V216: -194785.79 | W216: -197482.84 | X216: -201371.05 | Y216: -214832.19 | Z216: -200337.43 | AA216: -253613.95 | AB216: -228095.46 | AC216: -180108.72 | AD216: -235578.71 | AE216: -204496.65 | AF216: -173334.06 | AG216: -2511174.2 | AI216: 46301 | AK216: Gastos Directos TT
A217: 46301 | C217: TT Salario Bruto | D217: -101306.65 | E217: -86079.26 | F217: -70344.47 | G217: -65859.26 | H217: -75881.33 | P217: -399470.97 | R217: 46301 | T217: TT Salario Bruto | U217: -167044.93 | V217: -141587.06 | W217: -143113.4 | X217: -145365.98 | Y217: -154466.48 | Z217: -145256.31 | AA217: -185107.95 | AB217: -165649.56 | AC217: -129958.49 | AD217: -171532.75 | AE217: -147680.18 | AF217: -126776.45 | AG217: -1823539.5 | AI217: 46301 | AK217: TT Salario Bruto
A218: 46301 | C218: TT Seg Social | D218: -33130.6 | E218: -27574.04 | F218: -22249.26 | G218: -20380.4 | H218: -23296.19 | P218: -126630.49 | R218: 46301 | T218: TT Seg Social | U218: -50479.18 | V218: -44719.88 | W218: -45696.36 | X218: -46808.07 | Y218: -48587.69 | Z218: -46683.5 | AA218: -59099.47 | AB218: -52840.62 | AC218: -41571.41 | AD218: -54404.71 | AE218: -47082.73 | AF218: -41832.63 | AG218: -579806.25 | AI218: 46301 | AK218: TT Seg Social
A219: 46301 | C219: TT Dietas | D219: -141.4 | E219: -151.07 | F219: -138.2 | G219: -428.04 | H219: -650.71 | P219: -1509.42 | R219: 46301 | T219: TT Dietas | U219: -58.46 | V219: -88.92 | W219: -40.98 | X219: -45.14 | Y219: 0 | Z219: -229.4 | AA219: -107.29 | AB219: -252.28 | AC219: -337.51 | AD219: -189.11 | AE219: -129.55 | AF219: -150.23 | AG219: -1628.87 | AI219: 46301 | AK219: TT Dietas
A220: 46301 | C220: TT Indemnizaciones | D220: -2091.08 | E220: -2068.89 | F220: -760.83 | G220: -1483.83 | H220: -1488.19 | P220: -7892.82 | R220: 46301 | T220: TT Indemnizaciones | U220: -4308.72 | V220: -3158.15 | W220: -3891.75 | X220: -3929.68 | Y220: -3931.08 | Z220: -3219.19 | AA220: -3783.55 | AB220: -4055.17 | AC220: -3048.54 | AD220: -4323.02 | AE220: -3876.14 | AF220: -2075.05 | AG220: -43600.04 | AI220: 46301 | AK220: TT Indemnizaciones
A221: 46301 | C221: TT Indemnizacion Adicional | D221: 0 | E221: 0 | F221: 0 | G221: 0 | H221: 0 | P221: 0 | R221: 46301 | T221: TT Indemnizacion Adicional | U221: 0 | V221: 0 | W221: 0 | X221: 0 | Y221: -3000 | Z221: 0 | AA221: 0 | AB221: 0 | AC221: 0 | AD221: 0 | AE221: 0 | AF221: 0 | AG221: -3000 | AI221: 46301 | AK221: TT Indemnizacion Adicional
A222: 46301 | C222: TT Formacion | D222: -1317 | E222: -1119.1 | F222: -785.61 | G222: -823.27 | H222: -948.6 | P222: -4993.58 | R222: 46301 | T222: TT Formacion | U222: -2171.54 | V222: -1840.72 | W222: -1860.51 | X222: -1889.75 | Y222: -2008.02 | Z222: -1888.47 | AA222: -2406.4 | AB222: -2153.53 | AC222: -1689.6 | AD222: -2229.96 | AE222: -1919.81 | AF222: -1648.16 | AG222: -23706.47 | AI222: 46301 | AK222: TT Formacion
... A398: 46301 | C398: MARGEN NETO despues de I.S. | D398: 11813.77 | E398: 13118.99 | F398: 13259.08 | G398: 25691.06 | H398: 34815.81 | P398: 98698.71 | R398: 46301 | T398: MARGEN NETO despues de I.S. | U398: 29876 | V398: 22056.21 | W398: 16357.12 | X398: 11960.79 | Y398: 34993.527 | Z398: 21694.285 | AA398: 27721.84 | AB398: 6326.57 | AC398: 41404.05 | AD398: 32719 | AE398: 12354.98 | AF398: 26049.4 | AG398: 283513.77 | AI398: 46301 | AK398: MARGEN NETO despues de I.S.
A399: 46301 | C399: SALDO CLIENTES | D399: 414955.03 | E399: 435972.03 | F399: 376892.21 | G399: 336876.05 | H399: 359562.92 | P399: 0,00 | R399: 46301 | T399: SALDO CLIENTES | U399: 632281.86 | V399: 602816.05 | W399: 588932.19 | X399: 559926.1 | Y399: 521593.58 | Z399: 514405.16 | AA399: 637335.86 | AB399: 606998.35 | AC399: 687738.38 | AD399: 627081.79 | AE399: 641274.25 | AF399: 494135.5 | AG399: 0,00 | AI399: 46301 | AK399: SALDO CLIENTES
A400: 46301 | C400: SALDO CLIENTES PROVISIONADOS | D400: 11515.19 | E400: 12522.07 | F400: 11823.13 | G400: 13410.36 | H400: 979.88 | P400: 0,00 | R400: 46301 | T400: SALDO CLIENTES PROVISIONADOS | U400: 7775.36 | V400: 7775.36 | W400: 8581.03 | X400: 24709.6 | Y400: 23642.48 | Z400: 17363.87 | AA400: 21562.65 | AB400: 27564.81 | AC400: 7435.51 | AD400: 6269.41 | AE400: 13592.5 | AF400: 11391.99 | AG400: 0,00 | AI400: 46301 | AK400: SALDO CLIENTES PROVISIONADOS
A401: 46301 | C401: SALDO PROVISION INSOLVENCIAS | D401: -11515.19 | E401: -12522.07 | F401: -11823.13 | G401: -13410.36 | H401: -979.88 | P401: 0,00 | R401: 46301 | T401: SALDO PROVISION INSOLVENCIAS | U401: -7775.36 | V401: -7775.36 | W401: -8581.03 | X401: -24709.6 | Y401: -23642.48 | Z401: -17363.87 | AA401: -21562.65 | AB401: -27564.81 | AC401: -7435.51 | AD401: -6269.41 | AE401: -13592.5 | AF401: -11391.99 | AG401: 0,00 | AI401: 46301 | AK401: SALDO PROVISION INSOLVENCIAS
A402: 46301 | C402: SALDO AJUSTES AUTORIZADOS | D402: 0 | E402: 401.92 | F402: 375.16 | G402: 25000.25 | H402: 0 | P402: 0,00 | R402: 46301 | T402: SALDO AJUSTES AUTORIZADOS | U402: 0 | V402: 0 | W402: 0 | X402: 1414.44 | Y402: 0 | Z402: 0 | AA402: 8950.78 | AB402: 880.08 | AC402: 1450.75 | AD402: 1736.9 | AE402: 3538.08 | AF402: 2467.49 | AG402: 0,00 | AI402: 46301 | AK402: SALDO AJUSTES AUTORIZADOS
A403: 46301 | C403: SALDO AJUSTES AUTORIZADOS N-1 | D403: 2467.49 | E403: 0 | F403: 401.92 | G403: 375.16 | H403: 25000.25 | P403: 28244.82 | R403: 46301 | T403: SALDO AJUSTES AUTORIZADOS N-1 | U403: 0 | V403: 0 | W403: 0 | X403: 0 | Y403: 1414.44 | Z403: 0 | AA403: 0 | AB403: 8950.78 | AC403: 880.08 | AD403: 1450.75 | AE403: 1736.9 | AF403: 3538.08 | AG403: 17971.03 | AI403: 46301 | AK403: SALDO AJUSTES AUTORIZADOS N-1
A404: 46301 | C404: Ventas reclasificadas | D404: -260.77 | E404: 851.73 | F404: 122.82 | G404: -359.76 | H404: -18.12 | P404: 335.9 | R404: 46301 | T404: Ventas reclasificadas | U404: -330.08 | V404: 742.17 | W404: -31.43 | X404: -397.8 | Y404: 296.12 | Z404: -273.03 | AA404: -251.4 | AB404: -786.78 | AC404: -57.18 | AD404: -803.85 | AE404: 30.85 | AF404: 2418.88 | AG404: 556.47 | AI404: 46301 | AK404: Ventas reclasificadas
A405: 46301 | C405: Ventas+IVA MES N | D405: 214945.27 | E405: 188629.86 | F405: 165275.49 | G405: 149709.76 | H405: 221884.16 | P405: 0,00 | R405: 46301 | T405: Ventas+IVA MES N | U405: 336829.7 | V405: 293419.36 | W405: 292374.75 | X405: 302982.76 | Y405: 344291.16 | Z405: 281326.14 | AA405: 367719.81 | AB405: 331252.47 | AC405: 272074.05 | AD405: 353157.24 | AE405: 298953 | AF405: 262785.37 | AG405: 0,00 | AI405: 46301 | AK405: Ventas+IVA MES N
A406: 46301 | C406: Ventas+IVA MES N-1 | D406: 262785.37 | E406: 214945.27 | F406: 188629.86 | G406: 165275.49 | H406: 149709.76 | P406: 0,00 | R406: 46301 | T406: Ventas+IVA MES N-1 | U406: 294028.72 | V406: 336829.7 | W406: 293419.36 | X406: 585794.11 | Y406: 302982.76 | Z406: 344291.16 | AA406: 281326.14 | AB406: 367719.81 | AC406: 331252.47 | AD406: 272074.05 | AE406: 353157.24 | AF406: 298953 | AG406: 0,00 | AI406: 46301 | AK406: Ventas+IVA MES N-1
A407: 46301 | C407: Ventas+IVA MES N-2 | D407: 298953 | E407: 262785.37 | F407: 214945.27 | G407: 188629.86 | H407: 165275.49 | P407: 0,00 | R407: 46301 | T407: Ventas+IVA MES N-2 | U407: 302403.84 | V407: 294028.72 | W407: 336829.7 | X407: 0 | Y407: 292374.75 | Z407: 302982.76 | AA407: 344291.16 | AB407: 281326.14 | AC407: 367719.81 | AD407: 331252.47 | AE407: 272074.05 | AF407: 353157.24 | AG407: 0,00 | AI407: 46301 | AK407: Ventas+IVA MES N-2
A408: 46301 | C408: DEUDA MAYOR 1 AÑO | D408: 4281.33 | E408: 4281.33 | F408: -316.67 | G408: -316.67 | H408: -316.67 | P408: 0,00 | R408: 46301 | T408: DEUDA MAYOR 1 AÑO | U408: 4598 | V408: 4598 | W408: 4598 | X408: 4598 | Y408: 4598 | Z408: 3732.89 | AA408: 3732.89 | AB408: 3732.89 | AC408: 4347.33 | AD408: 4347.33 | AE408: 4314.33 | AF408: 4314.33 | AG408: 0,00 | AI408: 46301 | AK408: DEUDA MAYOR 1 AÑO
A409: 46301 | C409: TOTAL COBROS | D409: 294002.54 | E409: 166493.98 | F409: 224234.67 | G409: 186686.69 | H409: 211627.77 | P409: 1083045.6 | R409: 46301 | T409: TOTAL COBROS | U409: 279316.53 | V409: 322885.17 | W409: 305452.94 | X409: 254803.13 | Y409: 383690.8 | Z409: 294550.93 | AA409: 235859.83 | AB409: 349933.81 | AC409: 267536.57 | AD409: 414979.93 | AE409: 277437.45 | AF409: 399614.94 | AG409: 3786062 | AI409: 46301 | AK409: TOTAL COBROS
A410: 46301 | C410: Nº PERSONAL INTERNO | D410: 4.5 | E410: 4.34 | F410: 4 | G410: 4 | H410: 4.68 | P410: 4.304 | R410: 46301 | T410: Nº PERSONAL INTERNO | U410: 5.05 | V410: 5.9 | W410: 6.5 | X410: 5.67 | Y410: 5.5 | Z410: 4.63 | AA410: 4.5 | AB410: 4.5 | AC410: 4.5 | AD410: 4.5 | AE410: 4.13 | AF410: 4.5 | AG410: 4.99 | AI410: 46301 | AK410: Nº PERSONAL INTERNO
A411: 46301 | C411: FTE | D411: 4.38 | E411: 4.22 | F411: 3.88 | G411: 3.88 | H411: 4.43 | P411: 4.158 | R411: 46301 | T411: FTE | U411: 4.93 | V411: 5.74 | W411: 6.26 | X411: 5.53 | Y411: 5.38 | Z411: 4.51 | AA411: 4.38 | AB411: 4.38 | AC411: 4.38 | AD411: 4.38 | AE411: 4.12 | AF411: 4.38 | AG411: 4.8641667 | AI411: 46301 | AK411: FTE
A412: 46301 | C412: Nº BECARIOS | D412: 1.5 | E412: 0.89 | F412: 0.5 | G412: 0.5 | H412: 0.61 | P412: 0 | R412: 46301 | T412: Nº BECARIOS | U412: 1 | V412: 0.86 | W412: 0.89 | X412: 1.33 | Y412: 1.5 | Z412: 1.5 | AA412: 1.44 | AB412: 1.5 | AC412: 1.5 | AD412: 1.5 | AE412: 1.5 | AF412: 1.5 | AG412: 1.335 | AI412: 46301 | AK412: Nº BECARIOS
A413: 46301 | C413: Nº de Locales | D413: 0.5 | E413: 0.5 | F413: 0.5 | G413: 0.5 | H413: 0.5 | P413: 0 | R413: 46301 | T413: Nº de Locales | U413: 0.5 | V413: 0.5 | W413: 0.5 | X413: 0.5 | Y413: 0.5 | Z413: 0.5 | AA413: 0.5 | AB413: 0.5 | AC413: 0.5 | AD413: 0.5 | AE413: 0.5 | AF413: 0.5 | AG413: 0.5 | AI413: 46301 | AK413: Nº de Locales
A414: 46301 | C414: Nº Delegaciones Efectivas | D414: 1 | E414: 1 | F414: 1 | G414: 1 | H414: 1 | P414: 0 | R414: 46301 | T414: Nº Delegaciones Efectivas | U414: 1 | V414: 1 | W414: 1 | X414: 1 | Y414: 1 | Z414: 1 | AA414: 1 | AB414: 1 | AC414: 1 | AD414: 1 | AE414: 1 | AF414: 1 | AG414: 1 | AI414: 46301 | AK414: Nº Delegaciones Efectivas
A415: 46302 | C415: HORAS FACTURADAS (D) | D415: 19831.97 | E415: 18969.18 | F415: 18484.11 | G415: 20211.49 | H415: 22523.72 | P415: 100020.47 | R415: 46302 | T415: HORAS FACTURADAS (D) | U415: 24379.79 | V415: 18240.67 | W415: 17283.82 | X415: 18095.32 | Y415: 19666.22 | Z415: 17620.45 | AA415: 30160.63 | AB415: 28365.75 | AC415: 15276.23 | AD415: 17463.88 | AE415: 19946.94 | AF415: 16936.12 | AG415: 243435.82 | AI415: 46302 | AK415: HORAS FACTURADAS (D)
A416: 46302 | C416: Planning Medio | D416: 140.51 | E416: 142.02 | F416: 139.84 | G416: 157.22 | H416: 148.19 | P416: 0 | Q416: 0 | R416: 46302 | T416: Planning Medio | U416: 169.98 | V416: 135.53 | W416: 127.02 | X416: 131.46 | Y416: 132.9 | Z416: 124.88 | AA416: 196.37 | AB416: 178.27 | AC416: 117.41 | AD416: 120.14 | AE416: 141.49 | AF416: 144.7 | AG416: 152.755 | AI416: 46302 | AK416: Planning Medio
A417: 46302 | C417: P.M.C. | D417: 47 | E417: 41 | F417: 45 | G417: 44 | H417: 41 | P417: 44 | R417: 46302 | T417: P.M.C. | U417: 61 | V417: 51 | W417: 61 | X417: 46 | Y417: 46 | Z417: 47 | AA417: 52 | AB417: 59 | AC417: 55 | AD417: 47 | AE417: 50 | AF417: 59 | AG417: 53 | AI417: 46302 | AK417: P.M.C.
A418: 46302 | C418: TOTAL INGRESOS TT | D418: 243218.68 | E418: 233159.99 | F418: 228792.99 | G418: 254934.03 | H418: 276529.19 | P418: 1236634.9 | R418: 46302 | T418: TOTAL INGRESOS TT | U418: 282605.69 | V418: 218604.34 | W418: 211289.57 | X418: 221223.2 | Y418: 231126.35 | Z418: 214759.17 | AA418: 366477.17 | AB418: 333224.42 | AC418: 182670.62 | AD418: 199008.05 | AE418: 232683.78 | AF418: 205286.57 | AG418: 2898958.9 | AI418: 46302 | AK418: TOTAL INGRESOS TT
A419: 46302 | C419: Fact. Trabajo Temporal (D) | D419: 244435.02 | E419: 234411.96 | F419: 228240.11 | G419: 257368.07 | H419: 276685.91 | P419: 1241141.1 | R419: 46302 | T419: Fact. Trabajo Temporal (D) | U419: 283307.47 | V419: 218218.39 | W419: 213567.78 | X419: 221342.71 | Y419: 232107.38 | Z419: 214853.52 | AA419: 366515.48 | AB419: 336006.48 | AC419: 184734.79 | AD419: 200043.25 | AE419: 232166.77 | AF419: 203710.92 | AG419: 2906574.9 | AI419: 46302 | AK419: Fact. Trabajo Temporal (D)
A420: 46302 | C420: Rappels Trab. Temporal | D420: -449.21 | E420: -935.8 | F420: -962.14 | G420: -1023.44 | H420: -645.65 | P420: -4016.24 | R420: 46302 | T420: Rappels Trab. Temporal | U420: -877.46 | V420: -855.21 | W420: -795.49 | X420: -610.73 | Y420: -737.31 | Z420: -799.12 | AA420: -1300.61 | AB420: -1252.69 | AC420: -768 | AD420: -841.25 | AE420: -1005.24 | AF420: 380.36 | AG420: -9462.75 | AI420: 46302 | AK420: Rappels Trab. Temporal
A421: 46302 | C421: Ajustes autorizados | D421: -767.13 | E421: -316.17 | F421: 1515.02 | G421: -1410.6 | H421: 488.93 | P421: -489.95 | R421: 46302 | T421: Ajustes autorizados | U421: 175.68 | V421: 1241.16 | W421: -1482.72 | X421: 491.22 | Y421: -243.72 | Z421: 704.77 | AA421: 1262.3 | AB421: -1529.37 | AC421: -1296.17 | AD421: -193.95 | AE421: 1522.25 | AF421: 1195.29 | AG421: 1846.74 | AI421: 46302 | AK421: Ajustes autorizados
A422: 46302 | C422: Gastos Directos TT | D422: -214038.14 | E422: -204663.91 | F422: -202480.21 | G422: -226553.34 | H422: -241858.29 | P422: -1089593.9 | R422: 46302 | T422: Gastos Directos TT | U422: -250701.37 | V422: -197505.32 | W422: -188077.48 | X422: -196243.56 | Y422: -206837.24 | Z422: -190058.38 | AA422: -326337.6 | AB422: -297465.23 | AC422: -165217.32 | AD422: -175864.56 | AE422: -205627.74 | AF422: -184495.03 | AG422: -2584430.8 | AI422: 46302 | AK422: Gastos Directos TT
A423: 46302 | C423: TT Salario Bruto | D423: -153430.39 | E423: -146661.8 | F423: -144904.39 | G423: -160265.99 | H423: -171256.58 | P423: -776519.15 | R423: 46302 | T423: TT Salario Bruto | U423: -173427.94 | V423: -134013.97 | W423: -132179.38 | X423: -135063.53 | Y423: -146545.43 | Z423: -133156.75 | AA423: -232755.5 | AB423: -209960.98 | AC423: -116380.83 | AD423: -126445.57 | AE423: -144992.03 | AF423: -129308.57 | AG423: -1814230.5 | AI423: 46302 | AK423: TT Salario Bruto
A424: 46302 | C424: TT Seg Social | D424: -51006.58 | E424: -49035.19 | F424: -49198.43 | G424: -55154.07 | H424: -59268.37 | P424: -263662.64 | R424: 46302 | T424: TT Seg Social | U424: -59386.13 | V424: -46857.01 | W424: -46085.21 | X424: -46750.95 | Y424: -51099.65 | Z424: -45971.97 | AA424: -80182.86 | AB424: -72941.67 | AC424: -40083.59 | AD424: -42775.34 | AE424: -49854.04 | AF424: -42928.06 | AG424: -624916.48 | AI424: 46302 | AK424: TT Seg Social
A425: 46302 | C425: TT Dietas | D425: -414.9 | E425: -945.03 | F425: -631.74 | G425: -1477.24 | H425: -2200.95 | P425: -5669.86 | R425: 46302 | T425: TT Dietas | U425: -1308.25 | V425: -1082.77 | W425: -1049.42 | X425: -1418.52 | Y425: -1103.24 | Z425: -1813.39 | AA425: -1125.74 | AB425: -1227.78 | AC425: -518.54 | AD425: -153.12 | AE425: -382.48 | AF425: -581.01 | AG425: -11764.26 | AI425: 46302 | AK425: TT Dietas
A426: 46302 | C426: TT Indemnizaciones | D426: -4220.33 | E426: -4214.21 | F426: -3979.41 | G426: -4535.03 | H426: -4716.68 | P426: -21665.66 | R426: 46302 | T426: TT Indemnizaciones | U426: -4454.29 | V426: -3793.93 | W426: -1975.03 | X426: -3577.88 | Y426: -4327.2 | Z426: -1407 | AA426: -7053.06 | AB426: -6436.25 | AC426: -3374.17 | AD426: -3635.96 | AE426: -4288.14 | AF426: -3769.72 | AG426: -48092.63 | AI426: 46302 | AK426: TT Indemnizaciones
A427: 46302 | C427: TT Indemnizacion Adicional | D427: 0 | E427: 0 | F427: 0 | G427: 0 | H427: 0 | P427: 0 | R427: 46302 | T427: TT Indemnizacion Adicional | U427: 0 | V427: -1189.45 | W427: 0 | X427: -5860.23 | Y427: 0 | Z427: -1290.57 | AA427: 0 | AB427: 0 | AC427: 0 | AD427: 0 | AE427: 0 | AF427: 0 | AG427: -8340.25 | AI427: 46302 | AK427: TT Indemnizacion Adicional
A428: 46302 | C428: TT Formacion | D428: -1994.28 | E428: -1906.72 | F428: -1661.46 | G428: -2003.41 | H428: -2140.87 | P428: -9706.74 | R428: 46302 | T428: TT Formacion | U428: -2252.8 | V428: -1742.33 | W428: -1718.38 | X428: -1755.75 | Y428: -1905 | Z428: -1730.96 | AA428: -3025.76 | AB428: -2729.37 | AC428: -1513.03 | AD428: -1643.7 | AE428: -1884.85 | AF428: -1680.44 | AG428: -23582.37 | AI428: 46302 | AK428: TT Formacion
... A604: 46302 | C604: MARGEN NETO despues de I.S. | D604: 10444.26 | E604: 10665.9 | F604: 8503.17 | G604: 15329.54 | H604: 12988.52 | P604: 57931.39 | R604: 46302 | T604: MARGEN NETO despues de I.S. | U604: 21136.04 | V604: 15635.95 | W604: 8755.993 | X604: 12437.37 | Y604: 19804.702 | Z604: 15695.64 | AA604: 26112.22 | AB604: 12662.21 | AC604: 5030.29 | AD604: 42942.91 | AE604: 7858.83 | AF604: 12857.49 | AG604: 200929.64 | AI604: 46302 | AK604: MARGEN NETO despues de I.S.
A605: 46302 | C605: SALDO CLIENTES | D605: 449433.07 | E605: 416855.75 | F605: 423655.8 | G605: 446852.23 | H605: 445221.81 | P605: 0,00 | R605: 46302 | T605: SALDO CLIENTES | U605: 709439.09 | V605: 559027.5 | W605: 585265.98 | X605: 413957.86 | Y605: 438632.55 | Z605: 451399.34 | AA605: 654127.62 | AB605: 818402.65 | AC605: 564945.64 | AD605: 357442.13 | AE605: 439780.42 | AF605: 546358.89 | AG605: 0,00 | AI605: 46302 | AK605: SALDO CLIENTES
A606: 46302 | C606: SALDO CLIENTES PROVISIONADOS | D606: 1566.91 | E606: 358.3 | F606: 3083.81 | G606: 2340.08 | H606: 5136.31 | P606: 0,00 | R606: 46302 | T606: SALDO CLIENTES PROVISIONADOS | U606: 499.2 | V606: 1729.65 | W606: 1164.64 | X606: 1164.64 | Y606: 1566.55 | Z606: 1715.19 | AA606: 1164.64 | AB606: 1249.34 | AC606: 5581.66 | AD606: 1226.74 | AE606: 3620.22 | AF606: 1435.01 | AG606: 0,00 | AI606: 46302 | AK606: SALDO CLIENTES PROVISIONADOS
A607: 46302 | C607: SALDO PROVISION INSOLVENCIAS | D607: -1566.91 | E607: -358.3 | F607: -3083.81 | G607: -2340.08 | H607: -5136.31 | P607: 0,00 | R607: 46302 | T607: SALDO PROVISION INSOLVENCIAS | U607: -499.2 | V607: -1729.65 | W607: -1164.64 | X607: -1164.64 | Y607: -1566.55 | Z607: -1715.19 | AA607: -1164.64 | AB607: -1249.34 | AC607: -5581.66 | AD607: -1226.74 | AE607: -3620.22 | AF607: -1435.01 | AG607: 0,00 | AI607: 46302 | AK607: SALDO PROVISION INSOLVENCIAS
A608: 46302 | C608: SALDO AJUSTES AUTORIZADOS | D608: -5354.51 | E608: -2370.68 | F608: 2344.34 | G608: 933.74 | H608: 1422.67 | P608: 0,00 | R608: 46302 | T608: SALDO AJUSTES AUTORIZADOS | U608: 241.56 | V608: 1482.72 | W608: 0 | X608: 491.22 | Y608: 1897.5 | Z608: 952.27 | AA608: 2214.57 | AB608: 685.2 | AC608: -610.97 | AD608: -4004.92 | AE608: -2482.67 | AF608: -1287.38 | AG608: 0,00 | AI608: 46302 | AK608: SALDO AJUSTES AUTORIZADOS
...

Sheet Nuevo Dashboard
H6: Mes | I6: Abril
E8: =I6 -> Abril | F8: Acum | H8: =CONCATENATE(E8," ","18") -> Abril 18 | I8: % | J8: Acum 18 | K8: % | M8: =CONCATENATE(E8," ","BG") -> Abril BG | N8: % | O8: Acum BG | P8: %
D9: TOTAL INGRESOS | E9: {=VLOOKUP(D9,'Base Datos'!$C$102:$O$192,MATCH('Nuevo Dashboard'!$I$6,'Base Datos'!$C$2:$O$2,0),0)} -> 379891.48 | F9: =SUMPRODUCT('Base Datos'!$D$1:$O$1,'Base Datos'!D103:O103) -> 1460058.1 | H9: {=VLOOKUP(D9,'Base Datos'!$T$102:$AF$192,MATCH('Nuevo Dashboard'!$E$8,'Base Datos'!$T$2:$AF$2,0),0)} -> 259498.93 | I9: =IFERROR(E9/H9-1,"") -> 0.46394238 | J9: =SUMPRODUCT('Base Datos'!$D$1:$O$1,'Base Datos'!U103:AF103) -> 1064426.6 | K9: =IFERROR(F9/J9-1,"") -> 0.37168506 | M9: {=VLOOKUP(D9,'Base Datos'!$AK$102:$AW$192,MATCH('Nuevo Dashboard'!$E$8,'Base Datos'!$AK$2:$AW$2,0),0)} -> 0 | N9: =IFERROR(E9/M9-1,"") | O9: =SUMPRODUCT('Base Datos'!$D$1:$O$1,'Base Datos'!AL103:AW103) -> 0 | P9: =IFERROR(F9/O9-1,"")
D10: TOTAL MARGEN BRUTO | E10: {=VLOOKUP(D10,'Base Datos'!$C$102:$O$192,MATCH('Nuevo Dashboard'!$I$6,'Base Datos'!$C$2:$O$2,0),0)} -> 39385.54 | F10: =SUMPRODUCT('Base Datos'!$D$1:$O$1,'Base Datos'!D105:O105) -> 148372.21 | H10: {=VLOOKUP(D10,'Base Datos'!$T$102:$AF$192,MATCH('Nuevo Dashboard'!$E$8,'Base Datos'!$T$2:$AF$2,0),0)} -> 27942.91 | I10: =IFERROR(E10/H10-1,"") -> 0.4095003 | J10: =SUMPRODUCT('Base Datos'!$D$1:$O$1,'Base Datos'!U105:AF105) -> 118604.94 | K10: =IFERROR(F10/J10-1,"") -> 0.25097833 | M10: {=VLOOKUP(D10,'Base Datos'!$AK$102:$AW$192,MATCH('Nuevo Dashboard'!$E$8,'Base Datos'!$AK$2:$AW$2,0),0)} -> 0 | N10: =IFERROR(E10/M10-1,"") | O10: =SUMPRODUCT('Base Datos'!$D$1:$O$1,'Base Datos'!AL105:AW105) -> 0 | P10: =IFERROR(F10/O10-1,"")
D11: % Total Margen Bruto | E11: {=VLOOKUP(D11,'Base Datos'!$C$102:$O$192,MATCH('Nuevo Dashboard'!$I$6,'Base Datos'!$C$2:$O$2,0),0)} -> 0.1037 | F11: =SUMPRODUCT('Base Datos'!$D$1:$O$1,'Base Datos'!D106:O106) -> 0.4021 | H11: {=VLOOKUP(D11,'Base Datos'!$T$102:$AF$192,MATCH('Nuevo Dashboard'!$E$8,'Base Datos'!$T$2:$AF$2,0),0)} -> 0.1077 | I11: =IFERROR(E11/H11-1,"") -> -0.037140204 | J11: =SUMPRODUCT('Base Datos'!$D$1:$O$1,'Base Datos'!U106:AF106) -> 0.4447 | K11: =IFERROR(F11/J11-1,"") -> -0.095794918 | M11: {=VLOOKUP(D11,'Base Datos'!$AK$102:$AW$192,MATCH('Nuevo Dashboard'!$E$8,'Base Datos'!$AK$2:$AW$2,0),0)} -> 0 | N11: =IFERROR(E11/M11-1,"") | O11: =SUMPRODUCT('Base Datos'!$D$1:$O$1,'Base Datos'!AL106:AW106) -> 0 | P11: =IFERROR(F11/O11-1,"")
D12: GASTOS PERSONAL | E12: {=VLOOKUP(D12,'Base Datos'!$C$102:$O$192,MATCH('Nuevo Dashboard'!$I$6,'Base Datos'!$C$2:$O$2,0),0)} -> -6337.39 | F12: =SUMPRODUCT('Base Datos'!$D$1:$O$1,'Base Datos'!D107:O107) -> -24622.35 | H12: {=VLOOKUP(D12,'Base Datos'!$T$102:$AF$192,MATCH('Nuevo Dashboard'!$E$8,'Base Datos'!$T$2:$AF$2,0),0)} -> -4674.32 | I12: =IFERROR(E12/H12-1,"") -> 0.35578865 | J12: =SUMPRODUCT('Base Datos'!$D$1:$O$1,'Base Datos'!U107:AF107) -> -15002.06 | K12: =IFERROR(F12/J12-1,"") -> 0.6412646 | M12: {=VLOOKUP(D12,'Base Datos'!$AK$102:$AW$192,MATCH('Nuevo Dashboard'!$E$8,'Base Datos'!$AK$2:$AW$2,0),0)} -> 0 | N12: =IFERROR(E12/M12-1,"") | O12: =SUMPRODUCT('Base Datos'!$D$1:$O$1,'Base Datos'!AL107:AW107) -> 0 | P12: =IFERROR(F12/O12-1,"")
D13: GASTOS GESTION | E13: {=VLOOKUP(D13,'Base Datos'!$C$102:$O$192,MATCH('Nuevo Dashboard'!$I$6,'Base Datos'!$C$2:$O$2,0),0)} -> -244.47 | F13: =SUMPRODUCT('Base Datos'!$D$1:$O$1,'Base Datos'!D124:O124) -> -1332.72 | H13: {=VLOOKUP(D13,'Base Datos'!$T$102:$AF$192,MATCH('Nuevo Dashboard'!$E$8,'Base Datos'!$T$2:$AF$2,0),0)} -> -110.81 | I13: =IFERROR(E13/H13-1,"") -> 1.2062088 | J13: =SUMPRODUCT('Base Datos'!$D$1:$O$1,'Base Datos'!U124:AF124) -> -520.05 | K13: =IFERROR(F13/J13-1,"") -> 1.5626767 | M13: {=VLOOKUP(D13,'Base Datos'!$AK$102:$AW$192,MATCH('Nuevo Dashboard'!$E$8,'Base Datos'!$AK$2:$AW$2,0),0)} -> 0 | N13: =IFERROR(E13/M13-1,"") | O13: =SUMPRODUCT('Base Datos'!$D$1:$O$1,'Base Datos'!AL124:AW124) -> 0 | P13: =IFERROR(F13/O13-1,"")
D14: TOTAL PROVISIONES | E14: {=VLOOKUP(D14,'Base Datos'!$C$102:$O$192,MATCH('Nuevo Dashboard'!$I$6,'Base Datos'!$C$2:$O$2,0),0)} -> 0 | F14: =SUMPRODUCT('Base Datos'!$D$1:$O$1,'Base Datos'!D173:O173) -> 0 | H14: {=VLOOKUP(D14,'Base Datos'!$T$102:$AF$192,MATCH('Nuevo Dashboard'!$E$8,'Base Datos'!$T$2:$AF$2,0),0)} -> 0 | I14: =IFERROR(E14/H14-1,"") | J14: =SUMPRODUCT('Base Datos'!$D$1:$O$1,'Base Datos'!U173:AF173) -> 0 | K14: =IFERROR(F14/J14-1,"") | M14: {=VLOOKUP(D14,'Base Datos'!$AK$102:$AW$192,MATCH('Nuevo Dashboard'!$E$8,'Base Datos'!$AK$2:$AW$2,0),0)} -> 0 | N14: =IFERROR(E14/M14-1,"") | O14: =SUMPRODUCT('Base Datos'!$D$1:$O$1,'Base Datos'!AL173:AW173) -> 0 | P14: =IFERROR(F14/O14-1,"")
D15: RESULTADO EXTRAORDINARIO | E15: {=VLOOKUP(D15,'Base Datos'!$C$102:$O$192,MATCH('Nuevo Dashboard'!$I$6,'Base Datos'!$C$2:$O$2,0),0)} -> 0 | F15: =SUMPRODUCT('Base Datos'!$D$1:$O$1,'Base Datos'!D176:O176) -> -2046 | H15: {=VLOOKUP(D15,'Base Datos'!$T$102:$AF$192,MATCH('Nuevo Dashboard'!$E$8,'Base Datos'!$T$2:$AF$2,0),0)} -> 0 | I15: =IFERROR(E15/H15-1,"") | J15: =SUMPRODUCT('Base Datos'!$D$1:$O$1,'Base Datos'!U176:AF176) -> 5177.03 | K15: =IFERROR(F15/J15-1,"") -> -1.3952073 | M15: {=VLOOKUP(D15,'Base Datos'!$AK$102:$AW$192,MATCH('Nuevo Dashboard'!$E$8,'Base Datos'!$AK$2:$AW$2,0),0)} -> 0 | N15: =IFERROR(E15/M15-1,"") | O15: =SUMPRODUCT('Base Datos'!$D$1:$O$1,'Base Datos'!AL176:AW176) -> 0 | P15: =IFERROR(F15/O15-1,"")
D16: TOTAL MANAGEMENT FEES | E16: {=VLOOKUP(D16,'Base Datos'!$C$102:$O$192,MATCH('Nuevo Dashboard'!$I$6,'Base Datos'!$C$2:$O$2,0),0)} -> -11500.31 | F16: =SUMPRODUCT('Base Datos'!$D$1:$O$1,'Base Datos'!D185:O185) -> -43801.75 | H16: {=VLOOKUP(D16,'Base Datos'!$T$102:$AF$192,MATCH('Nuevo Dashboard'!$E$8,'Base Datos'!$T$2:$AF$2,0),0)} -> -7794.64 | I16: =IFERROR(E16/H16-1,"") -> 0.47541259 | J16: =SUMPRODUCT('Base Datos'!$D$1:$O$1,'Base Datos'!U185:AF185) -> -31932.8 | K16: =IFERROR(F16/J16-1,"") -> 0.37168523 | M16: {=VLOOKUP(D16,'Base Datos'!$AK$102:$AW$192,MATCH('Nuevo Dashboard'!$E$8,'Base Datos'!$AK$2:$AW$2,0),0)} -> 0 | N16: =IFERROR(E16/M16-1,"") | O16: =SUMPRODUCT('Base Datos'!$D$1:$O$1,'Base Datos'!AL185:AW185) -> 0 | P16: =IFERROR(F16/O16-1,"")
D17: MN antes de I.S. | E17: {=VLOOKUP(D17,'Base Datos'!$C$102:$O$192,MATCH('Nuevo Dashboard'!$I$6,'Base Datos'!$C$2:$O$2,0),0)} -> 21303.37 | F17: =SUMPRODUCT('Base Datos'!$D$1:$O$1,'Base Datos'!D189:O189) -> 76569.39 | H17: {=VLOOKUP(D17,'Base Datos'!$T$102:$AF$192,MATCH('Nuevo Dashboard'!$E$8,'Base Datos'!$T$2:$AF$2,0),0)} -> 15363.14 | I17: =IFERROR(E17/H17-1,"") -> 0.38665468 | J17: =SUMPRODUCT('Base Datos'!$D$1:$O$1,'Base Datos'!U189:AF189) -> 76327.06 | K17: =IFERROR(F17/J17-1,"") -> 0.0031748897 | M17: {=VLOOKUP(D17,'Base Datos'!$AK$102:$AW$192,MATCH('Nuevo Dashboard'!$E$8,'Base Datos'!$AK$2:$AW$2,0),0)} -> 0 | N17: =IFERROR(E17/M17-1,"") | O17: =SUMPRODUCT('Base Datos'!$D$1:$O$1,'Base Datos'!AL189:AW189) -> 0 | P17: =IFERROR(F17/O17-1,"")
B29: MB/MN | D29: MN/Ingresos | E29: Total Ingresos /204 | H29: MB/204 | K29: 3/204 | N29: 4
E30: FTE | K30: Planning Medio | N30: P.M.C.
E31: {=VLOOKUP(E30,'Base Datos'!C205:O205,MATCH('Nuevo Dashboard'!E8,'Base Datos'!C2:O2,0),0)} -> 2 | K31: {=VLOOKUP(K30,'Base Datos'!C4:P4,MATCH('Nuevo Dashboard'!E8,'Base Datos'!C2:O2,0),0)} -> 152.25
B32: =E10/E17 -> 1.8487939 | D32: =E17/E9 -> 0.056077515 | E32: =E9/E31 -> 189945.74 | H32: =E10/E31 -> 19692.77 | K32: =K31/E31 -> 76.125 | N32: {=VLOOKUP(N30,'Base Datos'!C5:O5,MATCH('Nuevo Dashboard'!E8,'Base Datos'!C2:O2,0),0)} -> 30
